 Dungeon Crawl Stone Soup version 0.20-a0-1062-g7b787ac (webtiles) character file.

845 nubinia the Poker (level 8, 0/45 HPs)
             Began as a Tengu Wizard on Apr 27, 2017.
             Was a Follower of Ashenzari.
             Succumbed to a worker ant's poison
             ... on level 4 of the Dungeon.
             The game lasted 00:30:26 (5916 turns).

nubinia the Poker (Tengu Wizard)                    Turns: 5916, Time: 00:30:26

Health: 0/45       AC:  4    Str: 10    XL:     8   Next: 0%
Magic:  15/15      EV: 13    Int: 19    God:    Ashenzari [*.....]
Gold:   212        SH:  0    Dex: 12    Spells: 9/16 levels left

rFire    . . .     SeeInvis .   e - +1 halberd (curse)
rCold    . . .     Gourm    .   (shield currently unavailable)
rNeg     . . .     Faith    .   a - +0 robe
rPois    .         Spirit   .   b - +1 hat
rElec    .         Reflect  .   (no cloak)
rCorr    .         Harm     .   m - +0 pair of gloves
MR       .....                  (boots unavailable)
Stlth    ++........             (no amulet)
Regen    0.2/turn               (no ring)
MPRegen  0.2/turn               (no ring)

@: lethally poisoned (0 -> -21)
A: beak, talons 3, able to fly 1
a: Fly, Curse Item, Scrying, Renounce Religion


You were on level 4 of the Dungeon.
You worshipped Ashenzari.
Ashenzari was aware of your devotion.
You were not hungry.

You visited 1 branch of the dungeon, and saw 5 of its levels.

You collected 212 gold pieces.

Inventory:

Hand Weapons
 e - a cursed +1 halberd (weapon)
 p - a +0 flail of draining
 r - a +2 mace of holy wrath
Armour
 a - a +0 robe (worn)
 b - a +1 hat (worn)
 m - a +0 pair of gloves (worn)
Wands
 o - a wand of lightning (14/15)
Scrolls
 f - a scroll of enchant armour
 l - a scroll of magic mapping
 s - 2 scrolls of remove curse
Potions
 g - a potion of lignification
 h - a potion of haste {unknown}
 i - a potion of magic
 q - a potion of agility
 u - a potion of cancellation {unknown}
Books
 c - a book of Minor Magic

   Spells                             Type                      Level
   a - Magic Dart                     Conjuration                  1
   b - Blink                          Translocation                2
   c - Call Imp                       Summoning                    2
   d - Slow                           Hexes                        2
   e - Conjure Flame                  Conjuration/Fire             3
   f - Mephitic Cloud                 Conjuration/Poison/Air       3
Comestibles
 d - 5 bread rations
 j - a royal jelly
 k - 3 meat rations


   Skills:
 + Level 2.6 Fighting
 + Level 0.2 Maces & Flails
 + Level 4.6 Polearms
 + Level 3.4 Dodging
 + Level 3.5 Stealth
 + Level 4.5 Spellcasting
 + Level 3.7 Conjurations
   Level 1.2 Summonings
   Level 0.7 Translocations
 * Level 3.6 Air Magic
 + Level 0.4 Poison Magic


You had 9 spell levels left.
You knew the following spells:

 Your Spells              Type           Power        Failure   Level  Hunger
a - Magic Dart            Conj           ###.         2%          1    None
b - Conjure Flame         Conj/Fire      ##......     19%         3    ###....
c - Mephitic Cloud        Conj/Pois/Air  ##......     13%         3    ###....


Dungeon Overview and Level Annotations

Branches:
Dungeon (5/15)
 Temple: D:4-7

Altars:
Ashenzari
Dithmenos
Makhleb
The Shining One

Annotations:
D:4 Shinoi's ghost, novice DECj


Innate Abilities, Weirdness & Mutations

You have a beak for a mouth.
You have claws for feet.
You can fly.


Message History

The worker ant barely misses you.
You closely miss the worker ant. The worker ant bites you.
You are poisoned.
The worker ant poisons you!
You feel sick.
Things that are here:
a +0 flail; a scroll labeled KONEHO OXA; an orc corpse You don't have enough magic at the moment.
Magic courses through your body.
You feel sick. The worker ant bites you.
* * * LOW HITPOINT WARNING * * *
You are lethally poisoned!
The worker ant poisons you!
The worker ant bites you but does no damage.
You fail to use your ability.
* * * LOW HITPOINT WARNING * * *
You feel sick. The worker ant bites you.
* * * LOW HITPOINT WARNING * * *
You are more poisoned.
The worker ant poisons you!
You die...

# #.... # #....
#######....
###########
#..........
#ooOo.....#
#.#####....
#.#######o##### #.#
#.... #.# #....)..#
#.# #.... #O#
#.#.###)# #.# ####.
####o# #...# #@# #.#
## o....# #.### #)#
#.# # ###### #.#####a#
##.# # #....†..# ##).#
## #.####### ##.#.#
##. ##.# ##.##.# #..
##..# #.##(.# #..
.####...#########.#.)#
#..
.'...................#
#..


You could see a worker ant.

Vanquished Creatures
  An ogre (D:4)
  2 scorpions
  A howler monkey (D:4)
  A crimson imp (D:3)
  5 orc priests
  Ijyb (D:3)
  3 orc wizards
  2 worker ants (D:4)
  8 gnolls
  9 adders
  A dart slug (D:3)
  4 worms
  4 leopard geckos
  24 orcs
  4 ball pythons
  7 giant cockroaches
  13 goblins
  6 hobgoblins
  8 jackals
  2 quokkas
  15 bats
  10 frilled lizards
  6 kobolds
  16 rats
153 creatures vanquished.

Vanquished Creatures (others)
  A fungus (D:2)
  5 plants (D:2)
6 creatures vanquished.

Grand Total: 159 creatures vanquished

Notes
Turn   | Place    | Note
-------+----------+-------------------------------------------
     0 | D:1      | nubinia the Tengu Wizard began the quest for the Orb.
     0 | D:1      | Reached XP level 1. HP: 10/10 MP: 5/5
    22 | D:1      | Reached XP level 2. HP: 15/15 MP: 0/7
   382 | D:1      | Reached XP level 3. HP: 19/19 MP: 2/9
  1052 | D:1      | Learned a level 3 spell: Mephitic Cloud
  1532 | D:2      | Reached skill level 1 in Polearms
  1633 | D:2      | Reached XP level 4. HP: 24/24 MP: 0/10
  1912 | D:3      | Found a shadowy altar of Dithmenos.
  2103 | D:2      | Found a shattered altar of Ashenzari.
  2107 | D:2      | Saw a vision of the Swamp and the Snake Pit.
  2107 | D:2      | Noticed a hornet
  2107 | D:2      | Noticed a naga
  2107 | D:2      | Noticed a naga
  2107 | D:2      | Noticed an anaconda
  2107 | D:2      | Noticed a shock serpent
  2107 | D:2      | Noticed a naga sharpshooter
  2107 | D:2      | Noticed a naga mage
  2107 | D:2      | Noticed a black mamba
  2107 | D:2      | Noticed a naga
  2107 | D:2      | Noticed a naga mage
  2107 | D:2      | Noticed a naga mage
  2107 | D:2      | Noticed a naga
  2107 | D:2      | Noticed a naga ritualist
  2108 | D:2      | Noticed a mana viper
  2109 | D:2      | Noticed a black mamba
  2109 | D:2      | Noticed a guardian serpent
  2109 | D:2      | Noticed a salamander
  2110 | D:2      | Noticed a black mamba
  2111 | D:2      | Became a worshipper of Ashenzari the Shackled
  2328 | D:2      | Gained mutation: You can fly. [Tengu growth]
  2328 | D:2      | Reached XP level 5. HP: 28/28 MP: 8/12
  2492 | D:2      | Reached skill level 1 in Air Magic
  2944 | D:3      | Found a burning altar of Makhleb.
  3017 | D:3      | Noticed Ijyb
  3041 | D:3      | Killed Ijyb
  3236 | D:3      | Reached skill level 1 in Fighting
  3302 | D:4      | Reached XP level 6. HP: 24/34 MP: 7/13
  4238 | D:3      | Found a glowing golden altar of the Shining One.
  4567 | D:4      | Reached * piety under Ashenzari
  4635 | D:5      | Entered Level 5 of the Dungeon
  4663 | D:5      | Reached XP level 7. HP: 40/40 MP: 10/14
  4747 | D:5      | Learned a level 3 spell: Conjure Flame
  4955 | D:4      | Noticed Shinoi's ghost (novice DECj)
  5910 | D:4      | Reached XP level 8. HP: 3/45 MP: 1/15
  5915 | D:4      | HP: 2/45 [worker ant (4)]
  5916 | D:4      | Succumbed to a worker ant's poison

Vault maps used:
D:1:      roderic_dead_forest, minmay_rat_gold_closets
D:2:      grunt_ashenzari_visionary
D:3:      kennysheep_the_goblin_king, nicolae_dithmenos_shadow_blocks,
          nicolae_tso_carved_into_rock, lemuel_round_altar, grunt_ministairs_15
D:4:      marbit_many_paths, first_bread, kennysheep_generic_room_12
D:5:      minmay_temple_entry_large_hall

Skill      XL: |  1  2  3  4  5  6  7 |
---------------+----------------------+-----
Polearms       | 1 2 3 4 |  4.6
Spellcasting   | 4 |  4.5
Conjurations   | 2 3 |  3.7
Air Magic      | 1 2 3 |  3.6
Fighting       | 1 2 |  2.6
Stealth        | 3 |  3.5
Dodging        | 3 |  3.4
Maces & Flails | |  0.2
Summonings     | |  1.2
Translocations | |  0.7
Poison Magic   | |  0.4

Action                   |  1- 3 |  4- 6 |  7- 9 || total
-------------------------+-------+-------+-------++-------
Melee: Unarmed           |    10 |       |       ||    10
       Halberd           |    77 |   131 |    81 ||   289
       Kick              |     6 |    16 |    10 ||    32
       Peck              |     4 |    17 |     9 ||    30
       Mace              |       |    19 |       ||    19
 Cast: Magic Dart        |    73 |   119 |    38 ||   230
       Mephitic Cloud    |       |     6 |    12 ||    18
Invok: Curse Item        |       |     1 |       ||     1
 Abil: Fly               |       |    13 |     2 ||    15
  Use: Scroll            |       |    14 |     2 ||    16
       Potion            |       |     2 |     2 ||     4
 Stab: Sleeping          |     8 |     9 |       ||    17
       Confused          |       |     3 |     6 ||     9
       Distracted        |       |     1 |       ||     1
  Eat: Chunk             |     2 |    12 |     6 ||    20
Armor: Robe              |    14 |    38 |    13 ||    65
Dodge: Dodged            |    43 |   108 |    40 ||   191
